 Dungeon Crawl Stone Soup version 0.22-a0-480-g991dd4b (webtiles) character file.

79 DrEnzyme the Skirmisher (level 4, -4/37 HPs)
             Began as a Demonspawn Wanderer on June 15, 2018.
             Slain by a river rat (5 damage)
             ... in a sewer.
             The game lasted 00:05:07 (1593 turns).

DrEnzyme the Skirmisher (Demonspawn Wanderer)       Turns: 1593, Time: 00:05:07

Health: -4/37      AC:  2    Str: 12    XL:     4   Next: 17%
Magic:  4/4        EV: 12    Int: 13    God:
Gold:   52         SH:  0    Dex: 14    Spells: 3/3 levels left

rFire    . . .     SeeInvis .   a - +2 mace
rCold    . . .     Gourm    .   (no shield)
rNeg     . . .     Faith    .   d - +0 robe
rPois    .         Spirit   .   (no helmet)
rElec    .         Reflect  .   (no cloak)
rCorr    .         Harm     .   (no gloves)
MR       +....                  (no boots)
Stlth    ++........             (no amulet)
HPRegen  0.12/turn              p - ring of protection from magic
MPRegen  0.09/turn              (no ring)

@: flying
A: powered by pain 2
a: no special abilities


You were in a sewer.
You were not hungry.

You visited 1 branch of the dungeon, and saw 4 of its levels.
You also visited: Sewer.

You collected 52 gold pieces.

Inventory:

Hand Weapons
 a - a +2 mace (weapon)
 b - a +0 hand axe
 e - a +0 dagger
Missiles
 g - 24 arrows
 j - 2 throwing nets (quivered)
 m - 16 sling bullets
Armour
 d - a +0 robe (worn)
Jewellery
 p - a ring of protection from magic (left hand)
Wands
 q - a wand of digging (4)
Potions
 c - a potion of flight
 k - a potion of degeneration {unknown}
 l - a potion of resistance {unknown}
Comestibles
 f - 4 rations
 i - 2 chunks of flesh


   Skills:
 + Level 3.7 Fighting
 + Level 2.7 Maces & Flails
 - Level 2.6 Armour
 + Level 1.8 Dodging
 - Level 1.7 Stealth


You had 3 spell levels left.
You didn't know any spells.
Your spell library was empty.

Dungeon Overview and Level Annotations

Branches:
Dungeon (4/15)
 Temple: D:4-7

Altars:

Shops:
D:4 %(


Innate Abilities, Weirdness & Mutations

You sometimes gain power by taking damage.


Message History

The river rat is heavily wounded.
The river rat misses you. The river rat closely misses you.
You hit the river rat.
The river rat is severely wounded.
The river rat barely misses you. The river rat bites you.
* * * LOW HITPOINT WARNING * * *
The river rat bites you.
* * * LOW HITPOINT WARNING * * *
You feel better. The river rat bites you. x2
* * * LOW HITPOINT WARNING * * *
It was a potion of flight.
You feel very buoyant.
You fly up into the air.
The river rat bites you.
* * * LOW HITPOINT WARNING * * *
The river rat bites you!
* * * LOW HITPOINT WARNING * * *
You closely miss the river rat.
The river rat is severely wounded.
The river rat closely misses you. The river rat bites you.
You die... ############### ≈......rr@r...# ###############

You could see 2 river rats and a rat.

Vanquished Creatures
  A gnoll (D:1)
  A river rat (Sewer)
  2 adders (D:4)
  2 dart slugs
  A leopard gecko (D:1)
  5 bats (D:1)
  A giant cockroach (D:1)
  7 goblins
  8 hobgoblins
  3 kobolds (D:1)
  A frilled lizard (D:1)
  3 rats (D:1)
35 creatures vanquished.

Notes
Turn   | Place    | Note
-------+----------+-------------------------------------------
     0 | D:1      | DrEnzyme the Demonspawn Wanderer began the quest for the Orb.
     0 | D:1      | DrEnzyme set off with: a +2 mace, a +0 hand axe, a potion of lignification, a +0 robe, a +0 dagger, a ration
     0 | D:1      | Reached XP level 1. HP: 18/18 MP: 1/1
    84 | D:1      | Gained mutation: You sometimes gain a little power by taking damage. [demonic ancestry]
    84 | D:1      | Reached XP level 2. HP: 24/24 MP: 2/2
   182 | D:1      | Reached skill level 1 in Dodging
   479 | D:1      | Gained mutation: You sometimes gain power by taking damage. [demonic ancestry]
   479 | D:1      | Reached XP level 3. HP: 29/29 MP: 3/3
  1283 | D:2      | You fall through a shaft for 2 floors!
  1285 | D:4      | Found Leqaulif's Food Shoppe.
  1461 | D:4      | Found Geaqadgh's Weapon Shop.
  1468 | D:4      | Found a glowing drain.
  1478 | D:4      | Reached XP level 4. HP: 22/37 MP: 4/4
  1580 | Sewer    | Entered a sewer
  1592 | Sewer    | HP: 1/37 [river rat (7)]
  1593 | Sewer    | Slain by a river rat

Vault maps used:
D:1:      lordsloth_arrival_two_stooges
D:2:      kb_forest_paths, minmay_misc_feat_rugged, hangedman_decor_points,
          kennysheep_generic_room_10
D:3:      first_ration, kennysheep_decorative_pillar, uniq_jessica
D:4:      serial_glass, glass_columns_b, glass_columns_c, glass_columns_b,
          glass_columns_a, glass_columns_a, glass_columns_a, serial_shops,
          kennysheep_mini, shop, shop, nicolae_shop_trees, shop_statue,
          portal_sewer_entry_d, vehumet_altar_wand_db
Sewer:    sewer_kobolds

Skill      XL: |  1  2 |
---------------+-------+-----
Maces & Flails | 2 |  2.7
Dodging        | 1 |  1.8
Fighting       | |  3.7
Armour         | |  2.6
Stealth        | |  1.7

Action                   |  1- 3 |  4- 6 || total
-------------------------+-------+-------++-------
Melee: Mace              |    98 |     8 ||   106
  Use: Potion            |     3 |     2 ||     5
       Scroll            |     4 |       ||     4
 Stab: Sleeping          |     5 |       ||     5
  Eat: Chunk             |     2 |       ||     2
Armor: Robe              |    24 |     1 ||    25
       Skin              |     9 |       ||     9
Dodge: Dodged            |    66 |     9 ||    75

Table legend:
 A = Spawn XP
 B = Non-spawn XP
 C = Spawn XP percentage of total XP
 D = Spawn monster count
 E = Non-spawn monster count
 F = Spawn count percentage of total count
 G = Total turns spent on level
                    A         B        C        D         E        F      G
               +---------+---------+-------+---------+---------+-------+---------
         Total |       0 |     114 |   0.0 |       0 |      35 |   0.0 |  1593
               +---------+---------+-------+---------+---------+-------+---------
           D:1 |       0 |      63 |   0.0 |       0 |      28 |   0.0 |  1178
           D:2 |       0 |      10 |   0.0 |       0 |       4 |   0.0 |   105
           D:4 |       0 |      27 |   0.0 |       0 |       2 |   0.0 |   295
         Sewer |       0 |      14 |   0.0 |       0 |       1 |   0.0 |    13
               +---------+---------+-------+---------+---------+-------+---------
